 Dungeon Crawl Stone Soup version 0.27.1-33-g824d729ab1 (webtiles) character file.

Game seed: 15181313578593628839

844 Azken the Ducker (level 7, -2/67 HPs)
             Began as a Troll Fighter on Dec 27, 2021.
             Was an Initiate of Okawaru.
             Slain by a hound (5 damage)
             ... on level 6 of the Dungeon.
             The game lasted 00:12:05 (3763 turns).

Azken the Ducker (Troll Fighter)                    Turns: 3763, Time: 00:12:05

Health: -2/67      AC:  4    Str: 23 (25) XL:     7   Next: 68%
Magic:  6/6        EV:  9    Int:  3 (4)  God:    Okawaru [......]
Gold:   276        SH: 10    Dex:  9 (11) Spells: 6/6 levels left

rFire    . . .     SeeInvis .     - Unarmed
rCold    . . .     Faith    .   b - +1 kite shield
rNeg     . . .     Spirit   .   a - +0 robe
rPois    .         Reflect  .   (helmet restricted)
rElec    .         Harm     .   (no cloak)
rCorr    .         Rampage  .   (gloves unavailable)
Will     .....                  (boots unavailable)
Stlth    +.........             (no amulet)
HPRegen  1.21/turn              (no ring)
MPRegen  0.10/turn              (no ring)

@: slowed, very slow
A: large, unfitting armour, claws 3, regeneration 1, shaggy fur 1, tough skin 1
a: Renounce Religion


You were on level 6 of the Dungeon.
You worshipped Okawaru.
Okawaru was noncommittal.
You visited 1 branch of the dungeon, and saw 6 of its levels.
You also visited: Sewer.

You collected 276 gold pieces.

Inventory:

Missiles
 d - 53 arrows
 i - 44 bolts
 j - 110 stones (quivered)
Armour
 a - a +0 robe (worn)
 b - a +1 kite shield (worn)
Magical Staves
 m - a staff of poison
Wands
 l - a wand of paralysis (9)
Scrolls
 f - 3 scrolls of enchant armour
Potions
 c - a potion of might
 g - a potion of attraction {unknown}
 h - a potion of flight {unknown}


   Skills:
 * Level 3.4 Fighting
 * Level 2.1 Armour
 * Level 4.5 Dodging
 + Level 0.2 Stealth
 * Level 4.3 Shields
 * Level 4.4 Unarmed Combat


You had 6 spell levels left.
You didn't know any spells.
Your spell library contained the following spells:

 Spells                   Type           Power      Damage    Failure   Level
 Corona                   Hex            0%         N/A       86%         1
 Foxfire                  Conj/Fire      0%         2x1d4     86%         1
 Conjure Flame            Conj/Fire      0%         6-21      99%         3
 Inner Flame              Hex/Fire       0%         N/A       99%         3


Dungeon Overview and Level Annotations

Branches:
Dungeon (6/15)              Sewer (visited)
 Temple: D:4-7

Altars:
Elyvilon
Fedhas
Okawaru
Xom

Shops:
D:4 *


Innate Abilities, Weirdness & Mutations

You are too large for most types of armour.
You have claws for hands.
Your natural rate of healing is unusually fast.
You are covered in fur. (AC +1)
You have tough skin. (AC +1)


Message History

You scratch the centaur but do no damage.
The centaur is almost dead.
The hound bites you.
The centaur hits you but does no damage.
The centaur kicks you. The hound bites you but does no damage.
You block the wraith's attack. You block the centaur's attack.
The centaur closely misses you. The hound bites you. The wraith hits you.
You closely miss the centaur.
The centaur is almost dead.
The centaur hits you. You block the centaur's attack. The hound bites you.
The centaur hits you. The centaur closely misses you. The wraith hits you.
The wraith drains your vigour!
You feel as though you will be slow longer.
You block the hound's attack.
You scratch the centaur but do no damage.
The centaur is almost dead.
You block the centaur's attack. The centaur barely misses you.
The hound barely misses you. The centaur barely misses you.
The centaur kicks you.
* * * LOW HITPOINT WARNING * * *
The wraith barely misses you. The hound bites you.
* * * LOW HITPOINT WARNING * * *
The centaur closely misses you. The centaur kicks you.
* * * LOW HITPOINT WARNING * * *
The wraith hits you!
* * * LOW HITPOINT WARNING * * *
The wraith drains your vigour!
You feel as though you will be slow longer.
The hound bites you.
* * * LOW HITPOINT WARNING * * *
You barely miss the centaur.
The centaur is almost dead.
You block the centaur's attack. The centaur misses you. The hound bites you.
* * * LOW HITPOINT WARNING * * *
The centaur hits you.
* * * LOW HITPOINT WARNING * * *
The centaur kicks you.
* * * LOW HITPOINT WARNING * * *
You block the wraith's attack. The hound bites you.
You die...

#########
#W@c....#
#h#####.#
#.# ..#
.#.#
.##.. ..
#.. ..
...


You could see a wraith, a centaur and a hound.

Vanquished Creatures
  Grinder (D:3)
  A water moccasin (Sewer)
  A black bear (D:3)
  A necrophage (D:5)
  A howler monkey (D:3)
  2 orc priests
  2 hounds
  A jelly (D:5)
  2 orc wizards
  5 adders
  2 worms (D:3)
  3 dart slugs
  7 orcs
  9 bats
  9 endoplasms
  7 giant cockroaches
  3 goblins
  3 hobgoblins
  9 quokkas
  5 ball pythons
  A frilled lizard (D:3)
  11 kobolds
  3 rats
89 creatures vanquished.

Notes
Turn   | Place    | Note
-------+----------+-------------------------------------------
     0 | D:1      | Azken the Troll Fighter began the quest for the Orb.
     0 | D:1      | Reached XP level 1. HP: 22/22 MP: 0/0
    77 | D:1      | Found a faded altar of an unknown god.
    94 | D:1      | Got Plato's Volume of Enchantment
   189 | D:1      | Reached XP level 2. HP: 28/29 MP: 1/1
   722 | D:1      | Reached XP level 3. HP: 34/36 MP: 2/2
  1827 | D:3      | Found a glowing drain.
  1850 | D:3      | Reached XP level 4. HP: 41/44 MP: 3/3
  1869 | Sewer    | Entered a sewer
  1956 | Sewer    | Noticed a water moccasin
  1982 | Sewer    | Killed a water moccasin
  1983 | Sewer    | Reached skill level 1 in Armour
  1983 | Sewer    | Reached XP level 5. HP: 14/52 MP: 4/4
  2607 | D:3      | Noticed a black bear
  2626 | D:3      | Killed a black bear
  2627 | D:3      | Reached XP level 6. HP: 28/61 MP: 5/5
  2900 | D:4      | Noticed Grinder
  2927 | D:3      | Paralysed by Grinder for 3 turns
  2930 | D:3      | Killed Grinder
  2931 | D:3      | Reached XP level 7. HP: 48/67 MP: 6/6
  3306 | D:4      | Found a blossoming altar of Fedhas.
  3306 | D:4      | Found a white marble altar of Elyvilon.
  3306 | D:4      | Found an iron altar of Okawaru.
  3307 | D:4      | Found a shimmering altar of Xom.
  3318 | D:4      | Became a worshipper of Warmaster Okawaru
  3330 | D:4      | Found Imneixt's General Store.
  3593 | D:5      | Entered Level 5 of the Dungeon
  3691 | D:5      | Noticed a wraith
  3763 | D:6      | HP: 3/67 [centaur (3)]
  3763 | D:6      | Slain by a hound

Illustrated notes

Levels and vault maps discovered:
D:1:      minmay_arrival_statue_studded, layout_basic,
          shapermc_ecumenical_altar_rom_forum
D:2:      minmay_angry_zag, layout_basic, small_statue_intersection,
          minmay_misc_feat_square
D:3:      layout_loops_ring, portal_sewer_entry_f
D:4:      layout_cave_pools, chequers_temple_overflow_statue_of_worship,
          serial_shops, kennysheep_mini_moat, uniq_grinder
D:5:      layout_rooms, serial_curves, eino_curves_03, eino_curves_02
D:6:      layout_loops_corners, makhleb_blood_cavern_becter,
          minmay_parallelograms

Skill      XL: |  1  2  3  4  5  6  7 |
---------------+----------------------+-----
Shields        | 3 4 |  4.3
Armour         | 1 2 |  2.1
Dodging        | 3 4 |  4.5
Unarmed Combat | 3 4 |  4.4
Fighting       | 3 |  3.4
Stealth        | |  0.2

Action                   |  1- 3 |  4- 6 |  7- 9 || total
-------------------------+-------+-------+-------++-------
Melee: Unarmed           |   110 |   146 |    72 ||   328
  Use: Scroll            |       |       |     6 ||     6
       Potion            |       |       |     4 ||     4
Armor: Robe              |    68 |   105 |    32 ||   205
Dodge: Dodged            |    61 |   107 |    37 ||   205
Block: Kite shield       |   101 |   129 |    58 ||   288
